 Dungeon Crawl Stone Soup version 0.30.0-15-g856e2d3f33 (webtiles) character file.

Game seed: 1202148246149594077

413 NateTC the Cleaver (level 6, -1/56 HPs)
             Began as a Hill Orc Fighter on May 19, 2023.
             Slain by a troll (3 damage)
             ... on level 5 of the Dungeon.
             The game lasted 00:03:59 (3434 turns).

NateTC the Cleaver (Hill Orc Fighter)               Turns: 3434, Time: 00:04:00

Health: -1/56      AC: 21    Str: 24    XL:     6   Next: 90%
Magic:  6/6        EV:  4    Int:  8    God:
Gold:   324        SH: 13    Dex: 10    Spells: 5/5 levels left

rFire   . . .        a - +1 war axe
rCold   + . .        m - +1 tower shield
rNeg    . . .        l - +8 plate armour of Qobb {rC+ Str+3 Stlth+}
rPois   .            (no helmet)
rElec   .            c - +0 cloak
rCorr   .            (no gloves)
SInv    +            n - +0 pair of boots
Will    .....        (no amulet) Stlth
                     h - ring of see invisible
HPRegen 0.29/turn    (no ring)
MPRegen 0.10/turn

%: no passive effects
@: mighty
A: no striking features
a: no special abilities


You were on level 5 of the Dungeon.
You visited 1 branch of the dungeon, and saw 5 of its levels.

You collected 324 gold pieces.

Inventory:

Hand Weapons
 a - a +1 war axe (weapon)
Armour
 c - a +0 cloak (worn)
 l - the +8 plate armour of Qobb (worn) {rC+ Str+3 Stlth+}
   (You found it on level 4 of the Dungeon)

   Str:       It affects your strength (+3).
   rC:        It protects you from cold.
   Stlth:     It makes you more stealthy.
 m - a +1 tower shield (worn)
 n - a +0 pair of boots (worn)
Jewellery
 h - a ring of see invisible (left hand)
Scrolls
 i - a scroll of teleportation
Potions
 e - 3 potions of curing
 f - a potion of haste
 g - a potion of flight {unknown}
 j - a potion of berserk rage
 k - 2 potions of lignification {unknown}


   Skills:
 - Level 5.0 Fighting
 * Level 8.0 Axes
 - Level 3.2 Armour
 * Level 4.2 Shields


You had 5 spell levels left.
You didn't know any spells.
Your spell library contained the following spells:

 Spells                   Type           Power      Damage    Failure   Level
 Slow                     Hex            0%         N/A       100%        1
 Confusing Touch          Hex            0%         N/A       100%        3
 Dazzling Flash           Conj/Hex       0%         N/A       100%        3
 Vampiric Draining        Necr           0%         2d6       100%        3
 Cause Fear               Hex            0%         N/A       100%        4
 Agony                    Necr           0%         N/A       100%        5
 Silence                  Hex/Air        0%         N/A       100%        5
 Dragon Form              Tmut           0%         N/A       100%        7
 Dragon's Call            Summ           0%         N/A       100%        9


Dungeon Overview and Level Annotations

Branches:
Dungeon (5/15) Zot: 26465
 Temple: D:4-7

Altars:
Qazlal

Shops:
D:3 *


Message History

You hit the troll.
The troll is lightly wounded.
The troll bites you but does no damage. The troll claws you.
The troll claws you but does no damage. The troll bites you but does no damage.
The troll claws you. The troll claws you but does no damage.
A troll is nearby!
You slash the troll!
The troll is moderately wounded.
The troll bites you. The troll barely misses you.
The troll claws you but does no damage.
You closely miss the troll.
The troll is moderately wounded.
You block the troll's attack.
The troll claws you but does no damage. x2
You closely miss the troll.
The troll is moderately wounded.
You block the troll's attack. x2; The troll claws you but does no damage.
The troll bites you!
The troll claws you but does no damage. x2
You hit the troll but do no damage.
The troll is lightly wounded.
The troll bites you but does no damage. The troll claws you.
The troll claws you!
You are too injured to fight recklessly!
Okay, then.
You feel very mighty all of a sudden. The troll bites you but does no damage.
You block the troll's attack. x2
You closely miss the troll.
The troll is lightly wounded.
The troll bites you!
* * * LOW HITPOINT WARNING * * *
You block the troll's attack. The troll claws you.
* * * LOW HITPOINT WARNING * * *
You slash the troll!
The troll is heavily wounded.
The troll bites you.
* * * LOW HITPOINT WARNING * * *
The troll claws you but does no damage. The troll claws you!
* * * LOW HITPOINT WARNING * * *
You block the troll's attack. The troll claws you but does no damage.
The troll claws you.
You die...

#.###.# #......##..
#.# #.# #......###.
#.###.# #..........
#.....#############.
###.......# ##
#.#####.########
#.#####......(.#
#.>..##...####.#
#@#.#.#...####.###
#.T###(...........
#...#.....####.###
####.###..# #.# #.#
#... ..# # #
#########


You could see a troll.

Vanquished Creatures
  An ogre (D:5)
  A hound (D:4)
  An orc priest (D:3)
  Jessica (D:2)
  Terence (D:2)
  An iguana (D:4)
  2 orc wizards (D:3)
  5 adders
  2 worms (D:3)
  3 dart slugs
  8 orcs (D:3)
  7 ball pythons
  3 bats (D:1)
  3 endoplasms
  3 giant cockroaches
  8 hobgoblins
  7 jackals
  5 kobolds
  4 quokkas
  5 frilled lizards
  5 goblins
  8 rats
84 creatures vanquished.

Notes
Turn   | Place    | Note
-------+----------+-------------------------------------------
     0 | D:1      | NateTC the Hill Orc Fighter began the quest for the Orb.
     0 | D:1      | Reached XP level 1. HP: 19/19 MP: 1/1
   104 | D:1      | Reached skill level 3 in Axes
   197 | D:1      | Reached XP level 2. HP: 27/27 MP: 2/2
   424 | D:1      | Reached skill level 4 in Axes
   543 | D:1      | Reached XP level 3. HP: 33/33 MP: 3/3
   926 | D:2      | Noticed Jessica
   933 | D:2      | Killed Jessica
   934 | D:2      | Reached XP level 4. HP: 32/41 MP: 4/4
  1060 | D:2      | Noticed Terence
  1069 | D:2      | Killed Terence
  1070 | D:2      | Reached skill level 5 in Axes
  1853 | D:3      | Reached XP level 5. HP: 41/47 MP: 5/5
  2077 | D:3      | Found Eme Duz's General Store.
  2185 | D:3      | Reached skill level 5 in Fighting
  2185 | D:3      | Reached skill level 6 in Axes
  2195 | D:3      | Reached skill level 7 in Axes
  2217 | D:3      | Reached XP level 6. HP: 24/56 MP: 6/6
  2857 | D:4      | Identified the +12 dagger of Desperation {flame, Int+3}
  3194 | D:4      | Identified the +8 plate armour of Qobb {rC+ Str+3 Stlth+}
  3222 | D:4      | Found a stormy altar of Qazlal.
  3317 | D:5      | Entered Level 5 of the Dungeon
  3366 | D:5      | Reached skill level 8 in Axes
  3425 | D:5      | Noticed a troll
  3434 | D:5      | HP: 2/56 [troll (8)]
  3434 | D:5      | Slain by a troll

Illustrated notes

Levels and vault maps discovered:
D:1:      beargit_arrival_greenhouse, layout_loops_ring,
          hangedman_decor_diamond_cutter, wad_floor_pattern_2
D:2:      layout_loops_ring, roderic_serpentine_path, uniq_jessica, uniq_terence
D:3:      layout_basic, serial_shops, shop
D:4:      layout_basic, grunt_qazlal_clouds, minmay_crystal_room
D:5:      layout_loops_cross, chequers_temple_overflow_statue_of_worship,
          minmay_temple_entry_poolview

Skill      XL: |  1  2  3  4  5  6 |
---------------+-------------------+-----
Axes           | 3 4 5 7 8 |  8.0
Fighting       | 4 5 |  5.0
Shields        | 4 |  4.2
Armour         | |  3.2

Action                     |  1- 3 |  4- 6 || total
---------------------------+-------+-------++-------
  Melee: War axe           |    73 |   165 ||   238
    Use: Scroll            |     3 |     5 ||     8
         Potion            |       |     3 ||     3
 Armour: Scale mail        |    41 |    61 ||   102
         Plate armour      |       |    15 ||    15
  Dodge: Dodged            |    34 |    40 ||    74
  Block: Buckler           |    17 |     1 ||    18
         Tower shield      |       |   115 ||   115
